Map: Mist Opportunities

Players

monk

  • Race: Zerg Zerg
  • Spawn Location: 6:00

LilArrin

  • Race: Terran Terran
  • Spawn Location: 5:00

VOD

Have the link to the VOD?

Description

Time

  • Played on: Sept. 13, 2017, 12:52 a.m.
  • Length: 30:08
Show
View Real Time Build Order
Export as new Build Order

monk Zerg 

Build Orders:  

Get SALT Encoding   

  12  0:03  Drone  
  13  0:18  Overlord  
  13  0:25  Drone  
  14  0:43  Drone x3  
  17  0:50  Drone  
  17  0:51  Drone  
  17  0:57  Drone  
  20  1:13  Roach Warren  
  20  1:18  Extractor  
  18  1:22  Drone  
  18  1:26  Drone  
  20  1:42  Spine Crawler  
  20  1:46  Spine Crawler  
  18  1:52  Drone, Extractor  
  18  1:58  Drone  
  19  2:04  Drone  
  20  2:20  Overlord  
  20  2:22  Drone  
  20  2:25  Drone  
  22  2:46  Drone x3  
  25  3:13  Hatchery  
  24  3:21  Roach  
  26  3:35  Drone x2  
  26  3:39  Drone  
  29  3:40  Drone  
  29  3:49  Overlord  
  30  4:01  Roach  
  30  4:05  Drone  
  33  4:14  Drone  
  34  4:22  Drone x2  
  34  4:23  Drone  
  37  4:39  Drone x3  
  40  4:41  Lair  
  40  4:54  Evolution Chamber  
  40  4:56  Drone x2  
  40  4:57  Drone  
  40  4:58  Roach  
  42  5:16  Overlord  
  42  5:20  Roach, Brutalisk  
  44  5:32  Roach  
  44  5:51  Zerg Missile Weapons Level 1  
  44  5:54  Brutalisk, Drone x2, Spire  
  44  5:55  Overlord x2  
  44  5:57  Drone x2  
  47  6:04  Queen  
  47  6:05  Queen  
  47  6:23  Mutalisk  
  47  6:24  Mutalisk x2  
  57  6:35  Drone  
  57  6:36  Zerg Flyer Weapons Level 1  
  58  6:42  Drone  
  58  6:44  Drone x3  
  58  6:48  Overlord  
  62  7:01  Queen x2  
  66  7:44  Drone x2  
  66  7:47  Queen x2  
  68  7:52  Roach  
  72  8:14  Brutalisk, Spine Crawler  
  72  8:15  Spine Crawler  
  72  8:16  Spine Crawler  
  72  8:17  Spine Crawler  
  68  8:23  Spine Crawler  
  68  8:26  Mutalisk x2  
  67  8:42  Zerg Flyer Weapons Level 2  
  67  8:44  Zerg Missile Weapons Level 2  
  67  8:51  Queen x2  
  67  8:53  Mutalisk  
  67  8:54  Leviathan x2  
  71  9:21  Queen x2, Leviathan  
  75  9:51  Queen  
  75  9:52  Queen  
  73  10:21  Queen  
  73  10:22  Queen  
  73  10:40  Extractor x2  
  75  11:17  Infestation Pit  
  74  11:23  Bio-Mechanical Transfusion  
  74  11:35  Rapid Regeneration  
  74  11:43  Drone  
  74  11:44  Drone  
  76  12:02  Overlord x5  
  76  12:03  Overlord x2  
  76  12:04  Overlord  
  76  12:05  Overlord  
  76  12:06  Overlord x3  
  76  12:13  Hive  
  76  12:17  Vicious Glave  
  76  12:50  Drone x3  
  76  12:51  Drone x3  
  76  12:53  Drone  
  76  12:54  Drone x3  
  76  12:56  Zerg Missile Weapons Level 3  
  86  13:05  Hatchery  
  85  13:32  Sundering Glave  
  85  13:59  Drone  
  86  14:00  Drone x2  
  86  14:02  Mutalisk x3  
  86  14:03  Mutalisk  
  86  14:05  Extractor  
  95  14:34  Overlord x3  
  95  14:56  Zerg Flyer Weapons Level 3  
  95  15:15  Mutalisk  
  95  15:16  Mutalisk x2  
  101  15:30  Zerg Ground Armor Level 1  
  101  16:12  Mutalisk x3  
  101  16:16  Mutalisk  
  109  16:43  Mutalisk x2  
  109  16:49  Drone x6  
  102  16:50  Drone x19  
  119  16:54  Drone x2  
  140  17:30  Zerg Flyer Armor Level 1  
  140  17:35  Zerg Ground Armor Level 2  
  140  17:36  Mutalisk  
  140  17:37  Mutalisk x2  
  146  17:58  Mutalisk  
  146  17:59  Mutalisk  
  150  18:43  Mutalisk x3  
  150  18:44  Mutalisk  
  158  19:39  Mutalisk  
  160  19:40  Mutalisk  
  160  19:42  Zerg Flyer Armor Level 2  
  160  19:44  Mutalisk x2  
  166  20:10  Zerg Ground Armor Level 3  
  125  20:40  Drone x3  
  166  20:45  Drone x6  
  166  20:46  Drone x9  
  184  20:55  Spore Crawler  
  184  20:56  Spore Crawler  
  182  21:32  Spore Crawler  
  182  21:33  Spore Crawler  
  182  21:35  Spore Crawler x2  
  182  21:36  Spore Crawler  
  182  21:37  Spine Crawler x2  
  182  21:38  Spine Crawler x2  
  182  21:39  Spine Crawler  
  172  21:40  Spine Crawler  
  172  21:41  Spine Crawler  
  172  21:42  Spine Crawler x2  
  172  21:43  Spine Crawler x2  
  172  21:45  Spine Crawler  
  172  21:46  Spine Crawler  
  172  21:48  Spine Crawler  
  163  22:02  Zerg Flyer Armor Level 3  
  163  22:04  Mutalisk  
  163  22:05  Mutalisk x6  
  177  22:11  Spine Crawler  
  177  22:12  Spine Crawler  
  177  22:14  Drone, Spine Crawler  
  177  22:16  Spine Crawler  
  174  22:48  Drone  
  174  22:49  Drone x14  
  138  22:50  Spore Crawler, Drone x2  
  189  22:53  Spore Crawler x5  
  189  22:54  Spore Crawler x2  
  189  22:55  Spore Crawler  
  189  22:56  Spore Crawler x2, Spine Crawler  
  189  22:57  Spore Crawler x2, Spine Crawler  
  189  22:58  Spore Crawler x2  
  174  23:00  Spine Crawler  
  174  23:01  Spore Crawler x2  
  174  23:02  Spine Crawler  
  170  23:30  Drone  
  170  23:31  Drone x6  
  170  23:32  Drone x2  
  170  23:33  Drone  
  170  23:34  Mutalisk  
  170  23:35  Mutalisk  
  170  23:38  Spore Crawler  
  183  23:41  Spore Crawler  
  182  23:55  Mutalisk  
  182  23:56  Mutalisk x8  
  200  24:17  Spore Crawler  
  199  24:59  Spore Crawler x2  
  197  25:00  Spore Crawler x2  
  197  25:01  Spore Crawler x2  
  197  25:05  Spore Crawler x2  
  197  25:06  Spine Crawler  
  197  25:07  Spine Crawler x2  
  197  25:09  Spore Crawler  
  187  25:10  Spore Crawler  
  187  25:11  Spine Crawler  
  185  25:24  Spore Crawler  
  185  25:26  Spore Crawler  
  185  25:27  Spore Crawler  
  182  25:41  Mutalisk  
  182  25:42  Mutalisk x8  
  200  25:58  Spine Crawler  
  199  26:01  Spore Crawler, Spine Crawler x2  
  199  26:02  Spine Crawler  
  195  26:10  Mutalisk x2  
  199  26:57  Spine Crawler  
  198  27:01  Spine Crawler  
  198  27:04  Spine Crawler  
  198  27:07  Incubation Chamber  
  196  27:41  Mutalisk x2  
  200  29:07  Spore Crawler  
  200  29:11  Spore Crawler  
Show
View Real Time Build Order
Export as new Build Order

LilArrin Terran 

Build Orders:  

Get SALT Encoding   

  12  0:03  SCV  
  13  0:20  SCV  
  14  0:37  Supply Depot, SCV  
  15  0:54  SCV  
  16  1:10  SCV  
  17  1:27  Command Center  
  17  1:31  SCV  
  18  1:48  SCV  
  19  1:52  Barracks  
  19  2:05  SCV  
  20  2:25  Orbital Command  
  20  2:50  Command Center  
  20  3:01  SCV  
  20  3:07  Orbital Command  
  21  3:17  Refinery  
  21  3:18  SCV  
  22  3:24  Refinery  
  22  3:35  SCV  
  22  3:37  Barracks  
  23  3:44  SCV  
  24  3:51  Engineering Bay  
  24  3:55  SCV  
  24  3:56  Orbital Command  
  25  4:01  SCV  
  25  4:03  Barracks Tech Lab  
  26  4:12  SCV  
  26  4:15  Barracks Reactor, Barracks  
  27  4:30  Orbital Command  
  27  4:32  SCV  
  27  4:33  Combat Shields  
  27  4:36  Marine  
  29  4:44  Supply Depot  
  29  4:45  Terran Infantry Weapons Level 1  
  29  4:46  Marine  
  30  4:53  Barracks Reactor  
  30  4:54  SCV  
  30  4:55  SCV  
  30  4:56  Marine  
  33  5:07  Marine  
  34  5:10  Marine  
  34  5:11  Marine  
  34  5:16  SCV  
  34  5:17  Marine  
  37  5:28  Marine x3  
  38  5:38  Medic  
  41  5:43  Marine  
  41  5:44  Marine x3  
  41  5:48  Medic  
  41  5:49  SCV x3  
  50  5:54  Supply Depot, Marine x2  
  54  6:02  Marine  
  55  6:18  Marine x2  
  55  6:20  Marine x3  
  55  6:23  Stabilizer Medpacks  
  55  6:25  SCV x2  
  55  6:26  SCV  
  63  6:30  Supply Depot, Marine x2  
  63  6:31  Marine  
  63  6:35  Supply Depot  
  63  6:39  Marine  
  41  6:40  Marine  
  65  6:41  Marine  
  65  6:42  SCV  
  65  6:47  Marine x2  
  68  6:50  Medic, Marine  
  68  6:56  Marine  
  68  6:57  Marine  
  68  7:00  Medic  
  68  7:02  Marine  
  68  7:04  Marine  
  68  7:06  Marine  
  68  7:07  Marine  
  72  7:10  Medic  
  72  7:12  Marine  
  72  7:16  Marine x2  
  78  7:22  Marine x2  
  78  7:23  Marine  
  78  7:25  Terran Infantry Armor Level 1  
  78  7:26  Marine x2  
  82  7:32  Marine  
  82  7:35  Marine x2  
  82  7:37  Marine  
  82  7:38  Marine  
  84  7:42  Marine  
  84  7:49  Medic, Marine x3, Supply Depot  
  85  7:52  Marine  
  85  7:55  Supply Depot  
  85  7:59  Medic, Marine x2  
  88  8:01  Marine  
  88  8:07  SCV x3  
  94  8:11  Marine x2  
  94  8:12  Medic  
  94  8:16  Marine  
  94  8:20  Marine  
  94  8:22  Medic  
  94  8:24  SCV  
  94  8:29  Marine x2, Supply Depot  
  98  8:32  Marine x3  
  98  8:39  Marine x2  
  95  8:42  Medic, Marine x2  
  95  8:49  Marine  
  86  8:50  Marine  
  86  8:52  Marine x2  
  86  8:53  Medic  
  91  9:00  Marine x2  
  91  9:02  Marine x2  
  91  9:03  Medic  
  91  9:05  Supply Depot  
  97  9:10  Marine x2  
  97  9:12  Marine  
  97  9:13  Marine x2  
  97  9:19  Supply Depot  
  102  9:20  Marine x2  
  102  9:23  Marine x3  
  107  9:30  Marine x2  
  107  9:33  Marine x2  
  107  9:34  Marine  
  110  9:40  Marine  
  110  9:41  Marine  
  110  9:43  Marine  
  110  9:44  Medic, Marine  
  114  9:51  Marine x2  
  114  9:54  Medic, Marine x2  
  117  10:01  Marine x2  
  117  10:04  Medic, Marine x2  
  121  10:11  Marine  
  121  10:14  Medic  
  121  10:15  Marine  
  121  10:17  Marine x2, Supply Depot  
  125  10:21  Supply Depot  
  125  10:23  Marine  
  125  10:25  Supply Depot, Marine  
  125  10:28  Marine x2  
  129  10:32  Marine  
  129  10:33  Marine  
  129  10:36  Marine  
  129  10:38  Marine  
  133  10:40  Marine  
  133  10:42  Marine  
  133  10:47  Marine x2  
  133  10:48  Marine  
  136  10:56  Marine  
  136  10:57  Marine  
  136  10:59  Marine x2  
  140  11:08  Marine x2  
  142  11:19  Command Center  
  144  11:25  Marine x2  
  144  11:26  Medic  
  144  11:29  Marine  
  149  11:47  Command Center  
  149  11:51  Concussive Shells  
  149  12:00  Engineering Bay  
  149  12:03  Factory  
  149  12:11  Command Center  
  149  12:38  Barracks  
  149  12:39  Barracks  
  149  12:41  Barracks  
  149  12:48  Barracks x2  
  149  12:56  Marine x3  
  152  13:11  Orbital Command  
  152  13:14  Factory Tech Lab  
  152  13:20  Barracks Tech Lab  
  152  13:22  Armory, Barracks Tech Lab  
  152  13:23  Barracks Reactor, Barracks Tech Lab  
  152  13:24  Barracks Reactor  
  152  13:39  Medic, Marine x3  
  152  13:40  Marine  
  152  13:46  Replenishable Magazine  
  158  13:50  Medic, SCV  
  158  13:53  Refinery  
  158  13:58  Orbital Command  
  158  13:59  Orbital Command  
  161  14:00  Marauder, Marine x2, SCV x2  
  161  14:01  Medic  
  161  14:05  Vulture  
  171  14:13  Marauder  
  171  14:15  Vulture  
  171  14:16  Marine x2  
  177  14:26  Vulture  
  177  14:28  Terran Infantry Weapons Level 2  
  178  14:30  Marine x2  
  180  14:40  Terran Infantry Armor Level 2  
  180  14:46  Cerberus Mines  
  180  14:47  Vulture  
  180  14:51  Marine x2  
  180  14:52  Marine  
  180  14:57  Vulture  
  185  15:02  Supply Depot  
  185  15:04  Terran Vehicle and Ship Weapons Level 1, Marine x2  
  185  15:07  Vulture  
  189  15:18  Vulture  
  191  15:28  Vulture  
  195  15:40  Vulture  
  197  15:50  Vulture  
  199  16:07  Marine  
  200  16:51  Factory Reactor  
  200  17:44  Afterburners  
  200  17:47  Terran Infantry Weapons Level 3  
  200  17:50  Terran Infantry Armor Level 3  
  200  18:23  Command Center  
  200  18:33  Command Center  
  200  18:35  Command Center  
  200  18:36  Command Center  
  200  19:22  Terran Vehicle and Ship Weapons Level 2  
  200  20:05  Orbital Command  
  200  20:14  Orbital Command  
  200  20:15  Orbital Command  
  200  20:17  Orbital Command  
  200  21:19  Command Center  
  200  21:23  Command Center  
  199  22:27  Neosteel Frame  
  199  22:32  Terran Vehicle And Ship Armor Level 1  
  198  22:41  Vulture x2  
  200  23:11  Orbital Command x2  
  200  23:19  Building Armor  
  200  25:12  Terran Vehicle and Ship Weapons Level 3  
  200  25:21  Barracks  
  200  25:22  Barracks x2  
  200  25:25  Barracks x2  
  200  25:26  Barracks x2  
  200  25:27  Barracks  
  200  25:51  Barracks  
  200  25:52  Barracks  
  200  25:55  Barracks  
  200  25:57  Barracks x2  
  200  26:01  Barracks x2  
  200  26:03  Barracks  
  200  26:28  Barracks Tech Lab  
  200  26:29  Barracks Reactor, Barracks Tech Lab  
  200  26:30  Barracks Reactor, Barracks Tech Lab x2  
  200  26:31  Barracks Reactor x2  
  200  26:32  Barracks Tech Lab  
  200  26:33  Barracks Tech Lab  
  200  26:34  Barracks Reactor x2  
  200  26:35  Barracks Tech Lab x2  
  200  26:49  Barracks Reactor  
  200  27:03  Barracks Tech Lab  
  192  28:21  Vulture x2  
  196  28:31  Vulture x2  
Tags
 
Add a new tag
Caveats
  • Supply blocks, unpowered buildings, or Contaminate may cause inaccurate times.
  • Supply counts are checked every 10 seconds.